 Dungeon Crawl Stone Soup version 0.26-a0-667-g92642533e4 (webtiles) character file.

Game seed: 3349566095093525379

(classic levelgen) 1 EnegeticOcto the Stinger (level 1, -1/14 HPs)
             Began as a Hill Orc Venom Mage on Oct 18, 2020.
             Slain by an adder zombie (2 damage)
             ... on level 1 of the Dungeon.
             The game lasted 00:00:12 (34 turns).

EnegeticOcto the Stinger (Hill Orc Venom Mage)        Turns: 34, Time: 00:00:12

Health: -1/14      AC:  2    Str: 10    XL:     1   Next: 20%
Magic:  3/3        EV: 12    Int: 15    God:
Gold:   10         SH:  0    Dex: 11    Spells: 2/3 levels left

rFire    . . .     SeeInvis .   (no weapon)
rCold    . . .     Faith    .   (no shield)
rNeg     . . .     Spirit   .   a - +0 robe
rPois    .         Reflect  .   (no helmet)
rElec    .         Harm     .   (no cloak)
rCorr    .         Rampage  .   (no gloves)
MR       .....                  (no boots)
Stlth    ++........             (no amulet)
HPRegen  0.04/turn              (no ring)
MPRegen  0.08/turn              (no ring)

@: no status effects
A: no striking features
a: no special abilities


You were on level 1 of the Dungeon.
You visited 1 branch of the dungeon, and saw 1 of its levels.

You collected 10 gold pieces.

Inventory:

Armour
 a - a +0 robe (worn)
Potions
 b - a potion of brilliance {unknown}


   Skills:
 - Level 1.5 Dodging
 - Level 1.5 Stealth
 - Level 1.5 Spellcasting
 + Level 0.8 Transmutations
 - Level 2.6 Poison Magic


You had 2 spell levels left.
You knew the following spells:

 Your Spells              Type           Power        Failure   Level
a - Sting                 Tmut/Pois      #...         12%         1

Your spell library contained the following spells:

 Spells                   Type           Power        Failure   Level
 Poisonous Vapours        Pois/Air       #.....       21%         2
 Ignite Poison            Fire/Tmut/Pois #.......     41%         3
 Mephitic Cloud           Conj/Pois/Air  #.......     43%         3
 Olgreb's Toxic Radiance  Pois           #.......     61%         4


Dungeon Overview and Level Annotations

Branches:
Dungeon (1/15)

Altars:


Message History

You now have 10 gold pieces.
You open the large door.
An adder zombie comes into view.
A bat zombie comes into view.
Found a fuming emerald potion.
There is a large open door here.
There is a large open door here.
Casting: Sting (safe; 12% risk of failure)
Confirm with . or Enter, or press ? or * to list all spells.
Aiming: Sting (safe; 12% risk of failure)
Press: ? - help, Shift-Dir - straight line, f - bat zombie
Aim: a bat zombie The sting misses the bat zombie.
The bat zombie barely misses you. The bat zombie closely misses you.
The bat zombie misses you. The bat zombie hits you.
There is a large open door here.
You completely miss the bat zombie.
The bat zombie hits you but does no damage.
The bat zombie closely misses you. x2
You hit the bat zombie.
The bat zombie is moderately damaged.
The bat zombie closely misses you.
The bat zombie hits you but does no damage.
You hit the bat zombie.
The bat zombie is moderately damaged.
The bat zombie misses you.
The bat zombie hits you but does no damage. x2
You hit the bat zombie.
The bat zombie is heavily damaged.
The bat zombie barely misses you.
The bat zombie hits you but does no damage.
The bat zombie hits you.
You hit the bat zombie.
The bat zombie is almost destroyed.
The bat zombie barely misses you.
The bat zombie hits you but does no damage. x2
You barely miss the bat zombie.
The bat zombie is almost destroyed.
The bat zombie closely misses you. The bat zombie hits you. x2
You barely miss the bat zombie.
The bat zombie is almost destroyed.
The bat zombie hits you but does no damage. x2
You hit the bat zombie but do no damage.
The bat zombie is almost destroyed.
The bat zombie misses you. x2; The bat zombie hits you.
You hit the bat zombie.
You destroy the bat zombie!
You barely miss the adder zombie.
The adder zombie bites you but does no damage.
You barely miss the adder zombie. The adder zombie bites you.
You are too injured to fight recklessly!
You are too injured to fight recklessly!
You are too injured to fight recklessly!
You are too injured to fight recklessly!
You are too injured to fight recklessly!
You are too injured to fight recklessly!
You are too injured to fight recklessly!
You are too injured to fight recklessly!
You are too injured to fight recklessly!
You are too injured to fight recklessly!
You are too injured to fight recklessly!
You are too injured to fight recklessly!
You are too injured to fight recklessly!
You are too injured to fight recklessly!
You are too injured to fight recklessly!
You are too injured to fight recklessly!
You are too injured to fight recklessly!
You are too injured to fight recklessly!
You are too injured to fight recklessly!
You are too injured to fight recklessly!
You are too injured to fight recklessly!
You are too injured to fight recklessly!
You closely miss the adder zombie. The adder zombie barely misses you.
You closely miss the adder zombie. The adder zombie bites you.
* * * LOW HITPOINT WARNING * * *
You hit the adder zombie.
The adder zombie is lightly damaged.
The adder zombie bites you but does no damage.
You hit the adder zombie.
The adder zombie is moderately damaged.
The adder zombie bites you.
* * * LOW HITPOINT WARNING * * *
The adder zombie misses you.
You completely miss the adder zombie.
The adder zombie is moderately damaged.
The adder zombie bites you.
* * * LOW HITPOINT WARNING * * *
You barely miss the adder zombie.
The adder zombie is moderately damaged.
The adder zombie completely misses you.
You closely miss the adder zombie.
The adder zombie is moderately damaged.
The adder zombie closely misses you.
You barely miss the adder zombie.
The adder zombie is moderately damaged.
The adder zombie misses you.
You barely miss the adder zombie.
The adder zombie is moderately damaged.
The adder zombie bites you.
You die...

##+## #+###
.....♣♣ #.#≈
......≈ #.8
....... 8.#
♣≈...##.##
♣...Z@..+
♣≈...##.###
...!...#8.#≈#
......≈♣#.8♣
.....♣♣ #.#≈#
##+## ###'###
#8...8#
+.....#
#8...<#


You could see an adder zombie.

Vanquished Creatures
  A bat zombie (D:1)
1 creature vanquished.

Notes
Turn   | Place    | Note
-------+----------+-------------------------------------------
     0 | D:1      | EnegeticOcto the Hill Orc Venom Mage began the quest for
                  | the Orb.
     0 | D:1      | Reached XP level 1. HP: 14/14 MP: 3/3
    34 | D:1      | Slain by an adder zombie

Illustrated notes

Levels and vault maps discovered:
D:1:      saegor_arrival_fortress, layout_basic, glass_columns_a,
          minmay_pentomino_u4

Action                   || total
-------------------------++-------
Melee: Unarmed           ||    20
 Cast: Sting             ||     1
Armor: Robe              ||    11
Dodge: Dodged            ||    17

Table legend: (Time is in decaauts)
 A = Elapsed time spent in this place.
 B = Non-inter-level travel time spent in this place.
 C = Inter-level travel time spent in this place.
 D = Time resting spent in this place.
 E = Time spent auto-exploring this place.
 F = Levels seen in this place.
 G = Mean time per level.
                   A        B        C        D        E       F      G
               +--------+--------+--------+--------+--------+-----+--------+
         Total |     34 |     34 |      0 |      0 |      0 |   1 |   34.0 |
       Dungeon |     34 |     34 |      0 |      0 |      0 |   1 |   34.0 |
               +--------+--------+--------+--------+--------+-----+--------+

Top non-repeatable levels by time:
     D:1: 34 daAuts
